AoeStats
← 西溪梨

Lombardia

509052263Analyzed
4v4 RM · 22d ago on Sep 25, 2026· 54m 16s· 8 players
Game mode
Random Map
Map size
Large (8 player)
Population
200
Speed
Normal
Resources
Standard
Victory
Conquest
Starting age
Dark Age
Ending age
Imperial Age
RankedLock teamsTeams togetherTeam positionsShared explorationLock speedFull tech treeHidden civsTurbo modeCheats
Victory
Defeat
🇨🇳 Muisca · China
1715
+11
🇨🇳 Mongols · China
1710
+12
🇨🇳 Spanish · China
1676
+13
🇨🇳 Magyars · China
1667
+13
vs
🇹🇼 Gurjaras · Taiwan
1669
-14
🇬🇧 Portuguese · United Kingdom
1616
-13
🇨🇳 Magyars · China
1608
-12
🇪🇪 Byzantines · Estonia
1542
-10
joosephy
8:58 Loom
11:01 Feudal Age
14:47 Castle Age
12:35 Double-Bit Axe
12:59 Horse Collar
15:45 Bow Saw
22:12 Wheelbarrow
24:23 Heavy Plow
25:03 Town Watch
25:51 Gold Mining
26:09 Scale Barding Armor
26:40 Husbandry
27:04 Chain Barding Armor
27:54 Bloodlines
28:56 Hand Cart
32:18 Imperial Age
30:22 Forging
31:49 Iron Casting
33:19 Conscription
32:23 Heavy Camel Rider
33:06 Elite Shrivamsha Rider
35:33 Kshatriyas
39:06 Chemistry
37:32 Light Cavalry
39:36 Plate Barding Armor
38:52 Fletching
39:36 Thumb Ring
40:52 Frontier Guards
40:50 Bodkin Arrow
40:56 Padded Archer Armor
41:01 Elite Elephant Archer
42:41 Ballistics
44:02 Gold Shaft Mining
43:29 Hussar
44:59 Bracer
47:14 Leather Archer Armor
49:22 Siege Elephant
GoodMan
7:27 Loom
9:47 Feudal Age
10:15 Double-Bit Axe
10:11 Horse Collar
18:36 Castle Age
17:10 Fletching
18:03 Padded Archer Armor
19:35 Bow Saw
23:47 Elite Skirmisher
27:22 Bodkin Arrow
28:21 Ballistics
29:10 Wheelbarrow
29:50 Gold Mining
33:26 Imperial Age
32:05 Hand Cart
31:42 Stone Mining
32:24 Heavy Plow
32:15 Town Watch
32:53 Crossbowman
33:40 Thumb Ring
33:51 Bloodlines
33:44 Husbandry
34:34 Leather Archer Armor
34:11 Arbalester
35:23 Bracer
36:08 Ring Archer Armor
36:57 Chemistry
36:37 Conscription
39:45 Stone Shaft Mining
39:59 Caravan
40:29 Coinage
40:10 Guilds
40:53 Circumnavigation
40:56 Arquebus
43:12 Elite Organ Gun
46:00 Banking
47:26 Masonry
49:42 Architecture
49:21 Siege Engineers
TsuksEST
6:59 Loom
10:51 Feudal Age
11:58 Double-Bit Axe
13:29 Horse Collar
18:31 Castle Age
18:58 Fletching
20:39 Bow Saw
21:18 Scale Barding Armor
24:45 Bodkin Arrow
32:03 Wheelbarrow
32:21 Caravan
35:53 Imperial Age
34:34 Hand Cart
37:40 Chemistry
39:29 Bracer
41:20 Chain Barding Armor
43:50 Plate Barding Armor
48:44 Bombard Tower
49:19 Padded Archer Armor
50:10 Leather Archer Armor
51:51 Ring Archer Armor
52:33 Greek Fire
52:55 Conscription
52:01 Elite Skirmisher
czj136
4:53 Loom
8:58 Feudal Age
9:28 Double-Bit Axe
20:21 Fletching
20:59 Padded Archer Armor
26:54 Castle Age
30:07 Horse Collar
38:03 Gold Mining
39:06 Bodkin Arrow
40:43 Bow Saw
44:46 Imperial Age
42:52 Husbandry
43:03 Bloodlines
43:01 Thumb Ring
43:19 Ballistics
45:32 Bracer
45:35 Recurve Bow
46:39 Chemistry
45:30 Heavy Cavalry Archer
46:53 Leather Archer Armor
47:37 Parthian Tactics
47:34 Conscription
48:00 Ring Archer Armor
48:27 Heavy Plow
50:42 Scale Barding Armor
50:04 Light Cavalry
51:53 Chain Barding Armor
54:15 Plate Barding Armor
香香瓜子壳
8:58 Feudal Age
9:13 Loom
9:52 Double-Bit Axe
10:53 Horse Collar
11:52 Town Watch
13:53 Bloodlines
16:43 Forging
22:15 Castle Age
21:23 Scale Barding Armor
23:34 Bow Saw
23:38 Heavy Plow
24:54 Wheelbarrow
28:29 Hand Cart
32:01 Gold Mining
32:02 Stone Mining
35:02 Imperial Age
32:44 Fortified Wall
33:49 Husbandry
34:10 Chain Barding Armor
34:25 Iron Casting
35:11 Caravan
35:14 Cavalier
36:32 Plate Barding Armor
39:22 Conscription
40:01 Stone Shaft Mining
39:43 Guilds
41:31 Paladin
43:02 Coinage
44:40 Banking
48:03 Two-Man Saw
48:39 Chemistry
49:42 Blast Furnace
西溪梨
11:17 Feudal Age
15:25 Castle Age
14:13 Double-Bit Axe
14:11 Horse Collar
15:29 Crossbowman
16:05 Fletching
22:51 Bodkin Arrow
27:26 Wheelbarrow
26:36 Loom
28:55 Gold Mining
29:15 Bow Saw
32:56 Imperial Age
32:03 Scale Mail Armor
32:13 Forging
33:09 Gold Shaft Mining
32:42 Heavy Plow
33:03 Hand Cart
32:35 Town Watch
34:15 Squires
33:37 Elite Temple Guard
35:05 Chain Mail Armor
35:25 Iron Casting
41:31 Plate Mail Armor
44:18 Iron Casting
43:20 Capped Ram
50:11 Conscription
50:45 Champi Runner
52:33 Two-Man Saw
52:04 Crop Rotation
51:28 Stone Mining
52:16 Champi Warrior
53:22 Herbalism
53:09 Elite Champi Warrior
III
10:02 Feudal Age
14:36 Castle Age
12:51 Double-Bit Axe
13:28 Horse Collar
15:33 Bow Saw
22:43 Fletching
24:59 Bodkin Arrow
26:40 Loom
27:33 Wheelbarrow
28:55 Gold Mining
29:06 Heavy Plow
29:31 Gold Mining
29:32 Stone Mining
30:10 Husbandry
31:59 Hand Cart
34:30 Imperial Age
33:13 Stone Shaft Mining
33:39 Gold Shaft Mining
33:48 Padded Archer Armor
35:10 Ballistics
34:30 Elite Mangudai
35:33 Bracer
35:44 Bloodlines
37:17 Chemistry
37:26 Thumb Ring
37:47 Parthian Tactics
37:43 Loom
38:24 Leather Archer Armor
39:34 Hoardings
40:26 Conscription
41:27 Coinage
41:24 Conscription
43:47 Caravan
44:44 Banking
49:38 Drill
49:33 Siege Engineers
49:26 Onager
50:29 Drill
51:36 Masonry
51:03 Siege Onager
kibou
0:40 Loom
10:38 Feudal Age
13:46 Fletching
17:53 Double-Bit Axe
21:54 Wheelbarrow
21:00 Horse Collar
22:25 Gold Mining
26:02 Castle Age
25:04 Padded Archer Armor
26:12 Crossbowman
26:49 Bodkin Arrow
28:11 Bow Saw
28:03 Heavy Plow
30:47 Hand Cart
32:55 Gold Shaft Mining
33:40 Pikeman
34:05 Arson
34:23 Scale Mail Armor
37:51 Imperial Age
40:06 Bracer
40:36 Parthian Tactics
41:45 Ballistics
42:55 Two-Man Saw
41:56 Heavy Cavalry Archer
42:45 Recurve Bow
43:11 Corvinian Army
44:09 Conscription
44:02 Caravan
44:21 Leather Archer Armor
45:28 Chemistry
44:52 Elite Skirmisher
45:38 Thumb Ring
46:01 Bloodlines
45:51 Husbandry
47:57 Ring Archer Armor
47:33 Scale Barding Armor
47:07 Elite Magyar Huszar
49:50 Conscription
50:29 Chain Barding Armor
52:31 Crop Rotation
52:42 Plate Barding Armor
Connection lost

Rejoining the realm…

Still unreachable

The connection could not be restored.

Session expired

The server has moved on; the page needs a fresh start.